 Dungeon Crawl Stone Soup version 0.29.1-12-g30fa7ad0bf (webtiles) character file.

Game seed: 9850018891980723897

17792 fantasyman the Peltast (level 12, -2/98 HPs)
             Began as a Formicid Fighter on Dec 28, 2022.
             Was the Champion of Okawaru.
             Slain by an orc warrior
             ... wielding a +0 war axe
              (14 damage)
             ... on level 2 of the Orcish Mines.
             The game lasted 00:30:53 (15714 turns).

fantasyman the Peltast (Formicid Fighter)          Turns: 15714, Time: 00:30:54

Health: -2/98      AC: 21    Str: 29      XL:     12   Next: 87%
Magic:  15/15      EV:  7    Int: 11      God:    Okawaru [******]
Gold:   962        SH: 23    Dex: 18 (19) Spells: 11/11 levels left

rFire   . . .      SeeInvis +   p - +8 spear "Hiev" {flame, *Rage rElec rN+ Int+2}
rCold   . . .      Faith    +   e - +2 tower shield
rNeg    + . .      Spirit   .   G - +0 plate armour
rPois   .          Reflect  .   (helmet unavailable)
rElec   +          Harm     .   A - +2 cloak
rCorr   .          Rampage  .   o - +0 pair of gloves
Will    +....                   n - +1 pair of boots
Stlth   ..........              l - amulet of faith
HPRegen 0.00/turn               f - +6 ring of dexterity
MPRegen 0.14/turn               b - +6 ring of strength

@: inhibited regen, studying Transmutations
A: permanent stasis, dig shafts and tunnels, antennae 3, four strong arms,
deterioration 1, inhibited regeneration, weak 1
a: Dig, Shaft Self, Renounce Religion, Heroism, Finesse, Duel


You were on level 2 of the Orcish Mines.
You worshipped Okawaru.
Okawaru was exalted by your worship.
You visited 2 branches of the dungeon, and saw 13 of its levels.

You collected 1721 gold pieces.
You spent 759 gold pieces at shops.

Inventory:

Hand Weapons
 k - a +5 trident of venom
 p - the +8 spear "Hiev" (weapon) {flame, *Rage rElec rN+ Int+2}
   (You found it on level 5 of the Dungeon)

   It burns those it strikes, dealing additional fire damage.
   Int:       It affects your intelligence (+2).
   rElec:     It insulates you from electricity.
   rN:        It protects you from negative energy.
   *Rage:     It berserks you when you make melee attacks (+20% chance).
 F - a +9 flail
Missiles
 N - a throwing net
Armour
 e - a +2 tower shield (worn)
 n - a +1 pair of boots (worn)
 o - a +0 pair of gloves (worn)
 A - a +2 cloak (worn)
 G - a +0 plate armour (worn)
Jewellery
 b - a +6 ring of strength (right hand)
 d - a ring of poison resistance
 f - a +6 ring of dexterity (left hand)
 l - an amulet of faith (around neck)
 r - an amulet of regeneration
 y - a ring of willpower
 D - an amulet of guardian spirit
 J - a ring of flight
 M - a ring of resist corrosion
Wands
 m - a wand of mindburst (11)
 q - a wand of digging (1)
 w - a wand of roots (6)
 B - a wand of polymorph (8)
 C - a wand of acid (24)
 H - a wand of flame (13)
Scrolls
 a - 2 scrolls of poison
 h - 2 scrolls of magic mapping
 j - 2 scrolls of noise
 t - a scroll of immolation
 v - a scroll of fear
Potions
 c - a potion of attraction
 g - 5 potions of curing
 i - 6 potions of degeneration
 s - 3 potions of invisibility
 u - 3 potions of cancellation
 x - 2 potions of lignification
 z - a potion of heal wounds
 E - 4 potions of flight
 I - a potion of resistance
 K - a potion of magic {unknown}
 L - a potion of ambrosia {unknown}
 O - a potion of brilliance
 Q - a potion of might


   Skills:
 * Level 10.4 Fighting
 - Level 4.5 Long Blades
 - Level 6.0 Polearms
 + Level 8.7 Armour
 - Level 1.0 Dodging
 - Level 1.0 Stealth
 + Level 18.3 Shields
 * Level 5.1 Invocations


You had 11 spell levels left.
You didn't know any spells.
Your spell library contained the following spells:

 Spells                   Type           Power      Damage    Failure   Level
 Shock                    Conj/Air       0%         1d3       99%         1
 Ensorcelled Hibernation  Hex/Ice        0%         N/A       100%        2
 Inner Flame              Hex/Fire       0%         N/A       100%        3
 Ozocubu's Armour         Ice            0%         N/A       100%        3
 Spider Form              Tmut/Pois      0%         N/A       100%        3
 Airstrike                Air            0%         2d(0-16)  100%        4
 Anguish                  Hex/Necr       0%         N/A       100%        4
 Cause Fear               Hex            0%         N/A       100%        4
 Lightning Bolt           Conj/Air       0%         1d11      100%        5
 Orb of Destruction       Conj           0%         9d5       100%        7
 Ozocubu's Refrigeration  Ice            0%         4d7       100%        7
 Discord                  Hex            0%         N/A       100%        8
 Summon Guardian Golem    Hex/Summ       Unusable   N/A       N/A         3
 Swiftness                Air            Unusable   N/A       N/A         3
 Summon Lightning Spire   Summ/Air       Unusable   N/A       N/A         4
 Spellforged Servitor     Conj/Summ      Unusable   N/A       N/A         7

Dungeon Overview and Level Annotations

Branches:
Dungeon (11/15)            Temple (0/1) D:4            Lair (0/5) D:11
    Orc (2/2) D:11            Elf (0/3) Orc:2

Altars:
Ashenzari
Cheibriados
Dithmenos
Elyvilon
Fedhas
Kikubaaqudgha
Okawaru
Qazlal
Ru
Sif Muna
Trog
Wu Jian
Yredelemnul
Zin

Shops:
Orc:2 !(!(*

Annotations:
D:7 2 transporters


Innate Abilities, Weirdness & Mutations

You cannot be hasted, slowed, berserked, paralysed or teleported.
You can dig through walls and to a lower floor.
You have a pair of large antennae on your head. (SInv)
Your four strong arms can wield two-handed weapons with a shield.
Your body sometimes deteriorates upon taking damage.
You do not regenerate when monsters are visible.
You are weak. (Str -2)


Message History

You block the orc priest's attack. You block the orc warrior's attack.
You hit the orc priest. You burn the orc priest.
You kill the orc priest!
Okawaru accepts your kill. You block the orc warrior's attack. x2
You hit the orc warrior but do no damage.
The orc warrior is lightly wounded.
You block the orc warrior's attack.
The orc warrior hits you but does no damage.
You puncture the orc warrior! You burn the orc warrior.
The orc warrior is severely wounded.
You block the orc warrior's attack. The orc warrior closely misses you.
You barely miss the orc warrior.
The orc warrior is severely wounded.
You block the orc warrior's attack. You block the orc priest's attack.
You block the orc warrior's attack.
You hit the orc warrior. You burn the orc warrior.
The orc warrior is almost dead.
You block the orc warrior's attack. The orc priest barely misses you.
You block the orc warrior's attack.
You hit the orc warrior but do no damage.
The orc warrior is almost dead.
The orc warrior hits you with a +0 glaive.
* * * LOW HITPOINT WARNING * * *
You block the orc priest's attack.
The orc warrior hits you with a +0 war axe!
* * * LOW HITPOINT WARNING * * *
You hit the orc warrior. You burn the orc warrior.
You kill the orc warrior!
Okawaru accepts your kill.
You puncture the orc priest! You burn the orc priest.
You kill the orc priest!
Okawaru accepts your kill. You block the orc warrior's attack.
You hit the orc warrior but do no damage.
You block the orc warrior's attack.
You hit the orc warrior. You burn the orc warrior.
The orc warrior is moderately wounded.
The orc warrior hits you with a +0 war axe!
You die...

#....###..)###....#.#
#..#..#..)..#..#..#.#
#..##...#∩#...##..#)#
#..#...)∩.∩....# .#)#
#..##...#∩#...##..#)#
#..#..#.....#..#..#.#
#....###...###....#.#
#...).#....)#.....#.# ###
#.......#.#@o.....#.###.##
#......#####).....#.##...##
##...............##.#.#...#
##......o......##.....#.###
######...######.........#.
........)..............#..
..........o.........#.....
....##.....o........#.....
.... .....................


You could see an orc warrior.

Vanquished Creatures
  A hydra (D:10)
  A boulder beetle (D:10)
  2 two-headed ogres
  3 orc high priests (Orc:2)
  An ugly thing (D:10)
  2 orc sorcerers (Orc:2)
  A cyclops (D:10)
  A manticore (D:10)
  An unseen horror (D:10)
  3 trolls
  A hornet (shapeshifter) (D:10)
  The ghost of Midpoint the Cutter, an amateur SpFi of Wu Jian (D:4)
  2 vampires
  13 yaks
  An unseen horror simulacrum (D:10)
  A basilisk (D:10)
  2 steam dragons
  3 wargs
  An acid dragon (D:11)
  15 orc warriors
  A sky beast (D:6)
  2 ice beasts (D:7)
  A black bear (D:6)
  3 ogres
  9 centaurs
  Blork the orc (D:6)
  3 bullfrogs
  2 kobold brigands
  5 scorpions
  A gnoll sergeant (D:4)
  5 necrophages
  15 wights
  6 killer bees
  3 howler monkeys
  A vampire bat (D:6)
  4 electric eels (D:8)
  A jelly (D:7)
  2 gnoll boudas
  2 hounds
  27 orc priests
  2 iguanas
  32 orc wizards
  17 gnolls
  7 adders
  2 shadow imps
  A white imp (D:7)
  3 ufetubi
  2 worms (D:3)
  63 orcs
  2 bat skeletons (D:6)
  4 bat zombies (D:6)
  4 endoplasms
  5 giant cockroaches
  4 goblins
  8 hobgoblins
  10 jackals
  6 quokkas
  A ball python (D:1)
  5 bats
  3 frilled lizards
  30 kobolds
  8 rats
369 creatures vanquished.

Vanquished Creatures (others)
  15 plants
15 creatures vanquished.

Grand Total: 384 creatures vanquished

Notes
Turn   | Place    | Note
-------+----------+-------------------------------------------
     0 | D:1      | fantasyman the Formicid Fighter began the quest for the
                  | Orb.
     0 | D:1      | Reached XP level 1. HP: 18/18 MP: 1/1
   120 | D:1      | Reached XP level 2. HP: 19/24 MP: 2/2
  1147 | D:2      | Reached XP level 3. HP: 30/30 MP: 3/3
  1267 | D:2      | Found a glowing silver altar of Zin.
  2097 | D:3      | Reached XP level 4. HP: 36/37 MP: 4/4
  2299 | D:3      | Found a faded altar of an unknown god.
  2530 | D:3      | Found a stormy altar of Qazlal.
  2676 | D:4      | Noticed an ogre
  2677 | D:4      | Noticed a scorpion
  2686 | D:5      | Entered Level 5 of the Dungeon
  2686 | D:5      | Noticed a necrophage
  2696 | D:5      | Killed a necrophage
  2697 | D:5      | Reached skill level 1 in Dodging
  2697 | D:5      | Reached skill level 1 in Stealth
  2697 | D:5      | Reached XP level 5. HP: 42/42 MP: 5/5
  2713 | D:5      | Gained mutation: You occasionally lose the ability to drink
                  | potions when taking damage. [potion of mutation]
  2713 | D:5      | Gained mutation: You are dopey. (Int -2) [potion of
                  | mutation]
  2713 | D:5      | Gained mutation: You are robust. (+10% HP) [potion of
                  | mutation]
  2729 | D:5      | Reached XP level 6. HP: 17/52 MP: 6/6
  2780 | D:5      | Reached skill level 5 in Shields
  3203 | D:5      | Identified the +8 spear "Hiev" {flame, *Rage rElec rN+
                  | Int+2}
  3351 | D:5      | Noticed an ogre
  3357 | D:5      | Killed an ogre
  3358 | D:5      | Reached skill level 1 in Polearms
  3358 | D:5      | Reached XP level 7. HP: 51/60 MP: 7/7
  3478 | D:5      | Reached skill level 5 in Armour
  3733 | D:5      | Found a shimmering blue altar of Sif Muna.
  3813 | D:4      | Reached XP level 8. HP: 40/67 MP: 8/8
  4144 | D:4      | Found an iron altar of Okawaru.
  4154 | D:4      | Became a worshipper of Warmaster Okawaru
  4277 | D:4      | Found a snail-covered altar of Cheibriados.
  4338 | D:4      | Found a bloodstained altar of Trog.
  4397 | D:4      | Found a staircase to the Ecumenical Temple.
  4616 | D:4      | Noticed Midpoint's ghost (amateur SpFi)
  4643 | D:4      | Found a transporter.
  4643 | D:4      | Found a transporter.
  4780 | D:6      | Noticed Blork the orc
  4788 | D:6      | Killed Blork the orc
  4789 | D:6      | Reached skill level 5 in Polearms
  4861 | D:6      | Found a basalt altar of Yredelemnul.
  5056 | D:6      | Found a shadowy altar of Dithmenos.
  5266 | D:6      | Reached skill level 5 in Fighting
  5340 | D:6      | Reached XP level 9. HP: 70/74 MP: 9/9
  5429 | D:6      | Found a glowing silver altar of Zin.
  5443 | D:6      | Reached * piety under Okawaru
  5894 | D:6      | Found an ancient bone altar of Kikubaaqudgha.
  6064 | D:7      | Found a white marble altar of Elyvilon.
  6069 | D:7      | Found a blossoming altar of Fedhas.
  6181 | D:7      | Found a transporter.
  6204 | D:7      | Found a transporter.
  6607 | D:7      | Reached skill level 6 in Shields
  7381 | D:8      | You fall into a shaft and drop 2 floors!
  7381 | D:10     | Entered Level 10 of the Dungeon
  7423 | D:9      | Reached ** piety under Okawaru
  7424 | D:9      | Identified a scroll of acquirement
  7424 | D:9      | Acquired 608 gold pieces
  7478 | D:9      | Found a broken altar of Ashenzari.
  7552 | D:9      | Reached skill level 7 in Shields
  8270 | D:9      | Reached skill level 8 in Shields
  8270 | D:9      | Reached XP level 10. HP: 86/86 MP: 10/10
  8276 | D:9      | Noticed a two-headed ogre
  8287 | D:9      | Killed a two-headed ogre
  8287 | D:9      | Reached *** piety under Okawaru
  8288 | D:9      | Reached skill level 9 in Shields
  8855 | D:9      | Reached skill level 10 in Shields
  9093 | D:9      | Reached skill level 11 in Shields
  9094 | D:9      | Reached **** piety under Okawaru
  9283 | D:9      | Reached skill level 12 in Shields
  9442 | D:10     | Noticed an unseen horror
  9451 | D:10     | Killed an unseen horror
  9490 | D:10     | Reached ***** piety under Okawaru
  9491 | D:10     | Reached XP level 11. HP: 71/94 MP: 11/11
  9595 | D:10     | Reached skill level 13 in Shields
 10091 | D:10     | Noticed a two-headed ogre
 10101 | D:10     | Killed a two-headed ogre
 10258 | D:10     | Reached skill level 14 in Shields
 10268 | D:10     | Identified the +0 kite shield of Charmed Salvation {Rampage
                  | rF+ MP+9 Stlth-} (Okawaru gifted it to you on level 10 of
                  | the Dungeon)
 10268 | D:10     | Received a gift from Okawaru
 10416 | D:10     | Noticed a cyan ugly thing
 10417 | D:10     | Noticed an eight-headed hydra
 10420 | D:10     | Noticed a manticore
 10433 | D:10     | Noticed a cyclops
 10441 | D:10     | Killed a cyclops
 10441 | D:10     | Noticed a boulder beetle
 10449 | D:10     | Reached skill level 1 in Invocations
 10451 | D:10     | Killed a cyan ugly thing
 10452 | D:10     | Reached skill level 15 in Shields
 10460 | D:10     | Killed an eight-headed hydra
 10467 | D:10     | Killed a manticore
 10490 | D:10     | Killed a boulder beetle
 10491 | D:10     | Reached skill level 16 in Shields
 11585 | D:4      | Killed Midpoint's ghost
 12440 | D:8      | Reached XP level 12. HP: 104/104 MP: 14/14
 12442 | D:8      | Found an ornate altar of the Wu Jian Council.
 12872 | D:11     | Found a staircase to the Lair.
 13005 | D:11     | Found a sacrificial altar of Ru.
 13212 | D:11     | Reached skill level 17 in Shields
 13393 | D:11     | Found a staircase to the Orcish Mines.
 13861 | Orc:1    | Entered Level 1 of the Orcish Mines
 14096 | Orc:2    | Entered Level 2 of the Orcish Mines
 14143 | Orc:2    | Identified the +0 ring mail of the Tired Servitors {rC- rN+
                  | Will+ Regen+} (Okawaru gifted it to you on level 2 of the
                  | Orcish Mines)
 14143 | Orc:2    | Received a gift from Okawaru
 14636 | Orc:2    | Reached ****** piety under Okawaru
 14864 | Orc:2    | Found Gaten's CLEARANCE SALE!.
 14870 | Orc:2    | Bought a ring of resist corrosion for 100 gold pieces
 14872 | Orc:2    | Bought a potion of curing for 15 gold pieces
 14872 | Orc:2    | Bought a potion of curing for 15 gold pieces
 14893 | Orc:2    | Found a staircase to the Elven Halls.
 15205 | Orc:2    | Noticed an orc high priest
 15213 | Orc:2    | Killed an orc high priest
 15241 | Orc:2    | Reached skill level 10 in Fighting
 15261 | Orc:2    | Noticed an orc high priest
 15269 | Orc:2    | Noticed a sixfirhy
 15271 | Orc:2    | Killed an orc high priest
 15272 | Orc:2    | Reached skill level 18 in Shields
 15620 | Orc:2    | Found Gesegat's Weapon Emporium.
 15620 | Orc:2    | Found Deuklin's Distillery.
 15621 | Orc:2    | Found Haysidas's Distillery.
 15634 | Orc:2    | Found Beguarr's Weapon Shoppe.
 15639 | Orc:2    | Bought 2 potions of cancellation for 256 gold pieces
 15639 | Orc:2    | Bought a potion of mutation for 128 gold pieces
 15639 | Orc:2    | Bought a potion of invisibility for 128 gold pieces
 15644 | Orc:2    | Bought a potion of heal wounds for 65 gold pieces
 15644 | Orc:2    | Bought a potion of might for 52 gold pieces
 15644 | Orc:2    | Lost mutation: You occasionally lose the ability to drink
                  | potions when taking damage. [potion of mutation]
 15644 | Orc:2    | Lost mutation: You are dopey. (Int -2) [potion of mutation]
 15644 | Orc:2    | Lost mutation: You are robust. (+10% HP) [potion of
                  | mutation]
 15644 | Orc:2    | Gained mutation: You are weak. (Str -2) [potion of
                  | mutation]
 15644 | Orc:2    | Gained mutation: You do not regenerate when monsters are
                  | visible. [potion of mutation]
 15644 | Orc:2    | Gained mutation: Your body sometimes deteriorates upon
                  | taking damage. [potion of mutation]
 15663 | Orc:2    | Noticed an orc high priest
 15682 | Orc:2    | Reached skill level 5 in Invocations
 15697 | Orc:2    | Killed an orc high priest
 15697 | Orc:2    | Received a gift from Okawaru
 15697 | Orc:2    | Found the +8 trishula "Condemnation" {holy, anguish, *Noise
                  | Fly rN+}
 15714 | Orc:2    | Slain by an orc warrior

Illustrated notes

Levels and vault maps discovered:
D:1:      spicycebolla_arrival_ecumenical, layout_basic, minmay_misc_feat_iff
D:2:      layout_rooms, basic_altar
D:3:      layout_loops_ring, nicolae_overflow_ecumenical_swirl,
          grunt_ministairs_15
D:4:      layout_loops_ring, cheibriados_altar_1,
          mainiacjoe_overflow_small_starburst, mainiacjoe_overflow_boulevard,
          minmay_temple_entry_stoned_glass, gammafunk_ghost_gnarly_gnolls,
          minmay_crossroads
D:5:      layout_cave_pools, kennysheep_orc_sif_temple, gup_sewer_entry_pipe,
          grunt_ministairs_4
D:6:      layout_loops_ring, mainiacjoe_overflow_alcove_4,
          kennysheep_vampire_church, lemuel_crystal_altar,
          mainiacjoe_overflow_chevrons, uniq_blork_the_orc
D:7:      kennysheep_kobold_camp, layout_gridville,
          gammafunk_temple_overflow_arena, mainiacjoe_overflow_cross_hatched
D:8:      layout_basic, nicolae_wu_jian_wuxing_cycle
D:9:      layout_stronghold, old_standard_altar
D:10:     minmay_the_grid_triangle_9x9_rhombus_thin_mashed
          [minmay_the_grid_triangle_9x9_checkered,
          minmay_the_grid_triangle_9x9_prize_schism,
          minmay_the_grid_triangle_9x9_pentomino_pain,
          minmay_the_grid_triangle_9x9_shrine], layout_layer_cave, serial_glass,
          glass_columns_a, glass_columns_a
D:11:     layout_basic, erik_lair_orcish_takeover,
          minmay_orc_entry_temple_small, nicolae_ru_great_annihilating_truth
Orc:1:    minmay_goldmine, layout_caves, uniq_sonja
Orc:2:    st_orc_mages, layout_diamond_mine, basic_altar, nicolae_shop_clearance

Skill      XL: |  1  2  3  4  5  6  7  8  9 10 11 12 |
---------------+-------------------------------------+-----
Long Blades    | 3 4 |  4.5
Dodging        | 1 |  1.0
Stealth        | 1 |  1.0
Armour         | 4 5 6 8 |  8.7
Fighting       | 4 5 7 8 9 10 | 10.4
Shields        | 5 8 12 16 18 | 18.3
Polearms       | 1 3 6 |  6.0
Invocations    | 2 5 |  5.1

Action                   |  1- 3 |  4- 6 |  7- 9 | 10-12 || total
-------------------------+-------+-------+-------+-------++-------
Melee: Long sword        |   126 |    53 |       |       ||   179
       Spear             |       |    17 |   307 |   756 ||  1080
Invok: Heroism           |       |       |       |     1 ||     1
       Finesse           |       |       |       |     1 ||     1
 Abil: Dig               |       |       |     1 |       ||     1
  Use: Scroll            |     8 |     1 |     7 |     7 ||    23
       Potion            |       |     3 |       |     7 ||    10
 Stab: Paralysed         |       |       |       |     1 ||     1
Armor: Scale mail        |    79 |    30 |    68 |       ||   177
       Chain mail        |       |       |     5 |    12 ||    17
       Plate armour      |       |       |       |   142 ||   142
Dodge: Dodged            |    88 |    28 |    64 |    77 ||   257
Block: Buckler           |    46 |    13 |    33 |       ||    92
       Tower shield      |       |       |    67 |   637 ||   704
